 Dungeon Crawl Stone Soup version 0.27-a0-1186-g8b4daa1eef (webtiles) character file.

Game seed: 14891656532129242721

52 spiderkeys the Skirmisher (level 4, -10/37 HPs)
             Began as a Formicid Abyssal Knight on May 20, 2021.
             Was a Follower of Lugonu.
             Mangled by Crazy Yiuf
             ... wielding a +3 quarterstaff of chaos
              (11 damage)
             ... on level 2 of the Dungeon.
             The game lasted 00:02:54 (2650 turns).

spiderkeys the Skirmisher (Formicid Abyssal Knight) Turns: 2650, Time: 00:02:55

Health: -10/37     AC:  6    Str: 18    XL:     4   Next: 8%
Magic:  10/15      EV:  9    Int: 11    God:    Lugonu [*.....]
Gold:   58         SH:  0    Dex: 10    Spells: 3/3 levels left

rFire    + . .     SeeInvis +   a - +1 spear
rCold    + . .     Faith    .   (no shield)
rNeg     . . .     Spirit   .   i - +0 scale mail
rPois    +         Reflect  .   (helmet unavailable)
rElec    +         Harm     .   (no cloak)
rCorr    +         Rampage  .   (no gloves)
Will     +....                  (no boots)
Stlth    ..........             (no amulet)
HPRegen  0.12/turn              n - ring of willpower
MPRegen  0.14/turn              W - ring of magical power

@: lethally poisoned (-10 -> -21), resistant
A: permanent stasis, dig shafts and tunnels, antennae 3, four strong arms
a: Dig, Shaft Self, Renounce Religion, Depart the Abyss


You were on level 2 of the Dungeon.
You worshipped Lugonu.
Lugonu was aware of your devotion.
You visited 1 branch of the dungeon, and saw 2 of its levels.
You visited the Abyss 1 time.

You collected 58 gold pieces.


Innate Abilities, Weirdness & Mutations

You cannot be hasted, slowed, berserked, paralysed or teleported.
You can dig through walls and to a lower floor.
You have a pair of large antennae on your head. (SInv)
Your four strong arms can wield two-handed weapons with a shield.


   Skills:
 + Level 3.8 Fighting
 + Level 2.6 Polearms
 + Level 2.8 Armour
 - Level 1.0 Dodging
 + Level 3.0 Invocations


You had 3 spell levels left.
You didn't know any spells.
Your spell library contained the following spells:

 Spells                   Type           Power      Damage    Failure   Level
 Shock                    Conj/Air       0%         1d3       73%         1
 Static Discharge         Conj/Air       0%         N/A       86%         2
 Airstrike                Air            0%         N/A       100%        4
 Lightning Bolt           Conj/Air       0%         1d11      100%        5
 Swiftness                Air            Unusable   N/A       N/A         3

Inventory:

Hand Weapons
 a - a +1 spear (weapon)
Missiles
 c - 18 bolts
 g - a throwing net {=f!f}
 j - 17 arrows
 l - 67 stones
 o - 9 poisoned darts
 s - 2 atropa-tipped darts
Armour
 i - a +0 scale mail (worn)
   (You found it on level 1 of the Dungeon)
Jewellery
 n - a ring of willpower (left hand)
   (You found it on level 2 of the Dungeon)
 W - a ring of magical power (right hand)
   (You found it on level 2 of the Dungeon)
Wands
 f - a wand of iceblast (20)
   (You found it on level 2 of the Abyss)
Scrolls
 m - a scroll of holy word {unknown}
 q - a scroll of vulnerability {unknown}
 r - a scroll of immolation {unknown}
Potions
 b - a potion of degeneration {unknown}
 d - a potion of mutation {unknown}
 e - a potion of haste {unknown}
 h - a potion of attraction {unknown}
 k - a potion of resistance
 p - a potion of invisibility {unknown}

Dungeon Overview and Level Annotations

Branches:
Dungeon (2/15)

Altars:

Annotations:
D:2 Crazy Yiuf

##.#......##.#..........#
######...#######.#.######.###
...<.#...# #.#.# #.#
##...#...# ##### #.#
#...###.# #.## #...# #>#
#######..# #...# ### ###
###)#).#.#.# #...#
#)))##))#)......# #...#
#.))g@####......# ##.##
#)))### ##.#..## #.# ###
###### #.# #.# #.# #######
#.# #.#.#.# #.# #.....#
#.##########.###


You could see Crazy Yiuf.


Message History

A frilled lizard comes into view.
The frilled lizard hisses angrily.
You closely miss the frilled lizard. The frilled lizard closely misses you.
You miss the frilled lizard. The frilled lizard closely misses you.
You hit the frilled lizard.
You kill the frilled lizard!
Lugonu accepts your kill.
No target in view!
No target in view!
You sense a monster nearby.
A rat comes into view.
You reach to attack!
You closely miss the rat. You hit the rat. The rat barely misses you.
You closely miss the rat. The rat bites you but does no damage.
You hit the rat but do no damage. The rat barely misses you.
You hit the rat but do no damage. The rat closely misses you.
A rat is nearby!
A rat is nearby!
You closely miss the rat. The rat closely misses you.
You hit the rat.
You kill the rat!
Lugonu accepts your kill.
No target in view!
You see here a rat corpse.
Key pressed, stopping explore.
You see here a rat corpse.
You open the door.
A quokka comes into view.
The quokka moves out of view.
No target in view!
No target in view!
A quokka is nearby!
You reach to attack!
You hit the quokka.
You kill the quokka!
Lugonu accepts your kill.
Your Invocations skill increases to level 3!
No target in view!
No target in view!
No target in view!
No target in view!
There is an open door here.
You now have 48 gold pieces (gained 11).
There is an open door here.
You open the door.
A giant cockroach comes into view.
A giant cockroach is nearby!
A giant cockroach is nearby!
There is an open door here.
You reach to attack!
You hit the giant cockroach. You hit the giant cockroach.
You kill the giant cockroach!
Lugonu accepts your kill.
No target in view!
No target in view!
No target in view!
s - 2 atropa-tipped darts You now have 58 gold pieces (gained 10).
You see here a giant cockroach corpse.
There is an open door here.
There is an open door here.
There is an open door here.
There is an open door here.
There is an open door here.
There is an open door here.
There is an open door here.
You see here a +0 mace.
You see here a +0 mace.
You see here a +0 mace.
You see here a +0 mace.
Crazy Yiuf flaps his cloak.
You see here a +0 mace.
Could not explore, unopened runed door.
You open the door. You hit Crazy Yiuf.
Crazy Yiuf hits you with a +3 quarterstaff of chaos!
You feel your power leaking away. 😮 HP[-10] MP[-5]
You take 10 damage, and now have 27/37 hp.
MASSIVE DAMAGE!! (PAUSE)
You lost 5 mp, and now have 10/15 mp.
You hit Crazy Yiuf.
Crazy Yiuf says, "Snurf!
Gnoll rumpyflump high."
Crazy Yiuf hits you with a +3 quarterstaff of chaos!
* * * LOW HITPOINT WARNING * * *
😨 HP[-14]
You take 14 damage, and now have 13/37 hp.
MASSIVE DAMAGE!! (PAUSE)
You hit Crazy Yiuf but do no damage.
Crazy Yiuf hits you with a +3 quarterstaff of chaos!
* * * LOW HITPOINT WARNING * * *
You are lethally poisoned! 😱 HP[-8]
You take 8 damage, and now have 5/37 hp.
MASSIVE DAMAGE!! (PAUSE) It was a potion of resistance.
You feel protected.
* * * LOW HITPOINT WARNING * * *
You feel very sick.
Crazy Yiuf hits you with a +3 quarterstaff of chaos!
You die...

Skill      XL: |  1  2  3  4 |
---------------+-------------+-----
Dodging        | 1 |  1.0
Invocations    | 3 |  3.0
Fighting       | |  3.8
Polearms       | |  2.6
Armour         | |  2.8

Action                   |  1- 3 |  4- 6 || total
-------------------------+-------+-------++-------
Melee: Spear             |    90 |    16 ||   106
Invok: Depart the Abyss  |     1 |       ||     1
 Abil: Dig               |     2 |       ||     2
  Use: Scroll            |     3 |       ||     3
       Potion            |       |     1 ||     1
Armor: Scale mail        |    24 |     1 ||    25
       Leather armour    |     2 |       ||     2
Dodge: Dodged            |    20 |     6 ||    26

Levels and vault maps discovered:
D:1:      sevenhm_arrival_forest_fort_small_4, layout_loops_corners
D:2:      kennysheep_six_static_rooms, layout_basic, uniq_crazy_yiuf_cottage

Notes
Turn   | Place    | Note
-------+----------+-------------------------------------------
     0 | Abyss:1  | spiderkeys the Formicid Abyssal Knight began the quest for
                  | the Orb.
     0 | Abyss:1  | Reached XP level 1. HP: 18/18 MP: 2/2
     0 | Abyss:1  | magus.rc [v1.9.10]
     1 | Abyss:1  | You pick up a book of Air and begin reading...
     1 | Abyss:1  | You add the spells Shock, Static Discharge, Airstrike and
                  | Lightning Bolt to your library.
    51 | Abyss:2  | Noticed a guardian serpent
    61 | Abyss:3  | Noticed a smoke demon
    73 | Abyss:3  | HP: 1/18 [smoke demon/divine providence (10)]
    86 | Abyss:4  | Noticed an ancient zyme
   111 | Abyss:4  | Noticed a hellion
   112 | D:1      | You pass through the gate.
   112 | D:1      | Escaped the Abyss
   498 | D:1      | Reached skill level 1 in Dodging
   692 | D:1      | Reached XP level 2. HP: 23/24 MP: 3/3
   800 | D:1      | Reached * piety under Lugonu
  1426 | D:2      | Reached XP level 3. HP: 29/29 MP: 4/4
  1970 | D:2      | Found a runed translucent door.
  1971 | D:2      | Noticed Crazy Yiuf
  2233 | D:2      | Reached XP level 4. HP: 37/37 MP: 6/6
  2414 | D:2      | Reached skill level 3 in Invocations
  2649 | D:2      | HP: 5/37 [Crazy Yiuf/+3 quarterstaff of chaos (8)]
  2650 | D:2      | HP: 1/37 [poisoned by Crazy Yiuf]
  2650 | D:2      | Mangled by Crazy Yiuf

Vanquished Creatures
  2 adders (D:2)
  A dart slug (D:1)
  3 ball pythons
  2 bats (D:2)
  3 endoplasms
  3 giant cockroaches (D:2)
  2 goblins
  3 hobgoblins (D:1)
  A kobold (D:1)
  2 quokkas
  6 frilled lizards
  3 rats
31 creatures vanquished.

Table legend:
 A = Non-vault XP
 B = Vault XP
 C = Vault XP percentage of total XP
 D = Non-vault monster count
 E = Vault monster count
 F = Vault count percentage of total count
                 A         B        C        D         E       F
            +---------+---------+-------+---------+---------+-------
      Total |      65 |      10 |  13.3 |      25 |       6 |  19.4
            +---------+---------+-------+---------+---------+-------
        D:1 |      26 |       0 |   0.0 |      14 |       0 |   0.0
        D:2 |      39 |      10 |  20.4 |      11 |       6 |  35.3
            +---------+---------+-------+---------+---------+-------

Illustrated notes

Table legend:
 A = Kills in this place as a percentage of kills in entire the game.
 B = Kills by you in this place as a percentage of kills by you in the entire game.
 C = Kills by friends in this place as a percentage of kills by friends in the entire game.
 D = Other kills in this place as a percentage of other kills in the entire game.
 E = Experience gained in this place as a percentage of experience gained in the entire game.
 F = Experience gained in this place divided by the number of levels of this place that you have seen.
                   A       B       C       D       E      F
               +-------+-------+-------+-------+-------+----------------------
         Total | 100.0 | 100.0 |   N/A |   N/A | 100.0 |  12.5
       Dungeon | 100.0 | 100.0 |   N/A |   N/A | 100.0 |  37.5
               +-------+-------+-------+-------+-------+----------------------

Table legend: (Time is in decaauts)
 A = Elapsed time spent in this place.
 B = Non-inter-level travel time spent in this place.
 C = Inter-level travel time spent in this place.
 D = Time resting spent in this place.
 E = Time spent auto-exploring this place.
 F = Levels seen in this place.
 G = Mean time per level.
                   A        B        C        D        E       F      G
               +--------+--------+--------+--------+--------+-----+--------+
         Total |   2659 |   2632 |     27 |      0 |   2304 |   6 |  443.2 |
       Dungeon |   2547 |   2520 |     27 |      0 |   2304 |   2 | 1273.5 |
         Abyss |    111 |    111 |      0 |      0 |      0 |   4 |   27.8 |
               +--------+--------+--------+--------+--------+-----+--------+

Top non-repeatable levels by time:
     D:2: 1277 daAuts
     D:1: 1269 daAuts
 Abyss:1: 38 daAuts
 Abyss:4: 37 daAuts
 Abyss:2: 19 daAuts
 Abyss:3: 16 daAuts
